 Dungeon Crawl Stone Soup version 0.31-a0-217-g58bb5d79cf (webtiles) character file.

Game seed: 2696245861126194685

1449 qw the Skirmisher (level 8, -3/71 HPs)
             Began as a Minotaur Hexslinger on July 2, 2023.
             Slain by an orc warrior
             ... wielding a +0 trident
              (13 damage)
             ... on level 7 of the Dungeon.
             The game lasted 00:02:11 (6021 turns).

qw the Skirmisher (Minotaur Hexslinger)             Turns: 6021, Time: 00:02:12

Health: -3/71      AC: 12    Str: 12    XL:     8   Next: 46%
Magic:  8/8        EV: 13    Int: 10    God:
Gold:   336        SH:  5    Dex: 16    Spells: 8/9 levels left

rFire   + . .        o - +0 shortbow (freeze)
rCold   + . .        (shield currently unavailable)
rNeg    . . .        f - +2 robe {rC+ rF+}
rPois   .            (helmet restricted)
rElec   .            g - +2 cloak
rCorr   .            c - +0 pair of gloves
SInv    .            (no boots)
Will    .....        j - amulet of reflection
Stlth   +            m - +4 ring of protection
HPRegen 0.31/turn    (no ring)
MPRegen 0.11/turn

%: reflection
@: about to teleport
A: horns 2, retaliatory headbutt
a: no special abilities


You were on level 7 of the Dungeon.
You visited 2 branches of the dungeon, and saw 8 of its levels.

You collected 336 gold pieces.


Innate Abilities, Weirdness & Mutations

You have a pair of horns on your head.
You reflexively headbutt those who attack you in melee.


   Skills:
 - Level 6.8 Fighting
 + Level 9.6 Ranged Weapons
 - Level 1.0 Armour
 - Level 3.0 Dodging
 - Level 1.0 Spellcasting
 - Level 2.0 Hexes


You had 8 spell levels left.
You knew the following spells:

 Your Spells              Type           Power      Damage    Failure   Level
a - Slow                  Hex            16%        N/A       16%         1

Your spell library contained the following spells:

 Spells                   Type           Power      Damage    Failure   Level
 Inner Flame              Hex/Fire       2%         N/A       56%         3
 Portal Projectile        Hex/Tloc       4%         N/A       56%         3
 Cause Fear               Hex            2%         N/A       83%         4

Inventory:

Hand Weapons
 o - a +0 shortbow of freezing (weapon)
Armour
 c - a +0 pair of gloves (worn)
 f - a +2 robe of resistance (worn)
 g - a +2 cloak (worn)
Jewellery
 j - an amulet of reflection (around neck)
 m - a +4 ring of protection (left hand)
Scrolls
 a - a scroll of identify
Potions
 b - a potion of ambrosia {unknown}
 d - a potion of mutation {unknown}
 e - 3 potions of curing
 h - a potion of berserk rage {unknown}
 i - 2 potions of haste
 k - a potion of might
 l - 2 potions of heal wounds
 n - a potion of enlightenment {unknown}

Dungeon Overview and Level Annotations

Branches:
Dungeon (7/15)             Temple (1/1) D:5

Altars:
Ashenzari
Cheibriados
Dithmenos
Elyvilon
Gozag
Hepliaklqana
Makhleb
Nemelex Xobeh
Qazlal
Ru
Trog
Uskayaw
Wu Jian
Xom
Yredelemnul
Zin
The Shining One

Shops:
D:2 :

Annotations:
D:4 1 runed translucent door, Crazy Yiuf


Message History

You block the orc warrior's attack.
You shoot an arrow.
The arrow hits the orc but does no damage.
The orc barely misses you.
The orc warrior hits you from afar with a +0 trident!
You shoot an arrow. The arrow hits the orc.
The arrow freezes the orc.
The orc is severely wounded.
You shoot an arrow. The arrow hits the orc!
The arrow freezes the orc.
You kill the orc!
The orc warrior hits you from afar with a +0 trident!
You shoot an arrow.
The arrow hits the orc warrior but does no damage.
The orc warrior is moderately wounded.
The orc warrior hits you but does no damage.
You shoot an arrow. The arrow hits the orc warrior.
The arrow freezes the orc warrior.
The orc warrior is heavily wounded.
The orc warrior barely misses you.
You shoot an arrow.
The arrow barely misses the orc warrior.
The orc warrior hits you from afar with a +0 trident.
You shoot an arrow. The arrow hits the orc warrior.
The arrow freezes the orc warrior.
The orc warrior is severely wounded.
The orc warrior closely misses you.
You shoot an arrow. The arrow hits the orc warrior.
The arrow freezes the orc warrior.
The orc warrior is almost dead.
The orc warrior barely misses you.
You shoot an arrow.
The arrow closely misses the orc warrior.
The orc warrior hits you from afar with a +0 trident.
You shoot an arrow.
The arrow barely misses the orc warrior.
The orc warrior hits you from afar with a +0 trident!
6021 ||| READING scroll of teleportation.
As you read the scroll of teleportation, it crumbles to dust.
You feel strangely unstable.
The orc warrior hits you from afar with a +0 trident!
You die...

#. #.## ... ..
.## #. ....
#.#####o#
..#..#...o...#
.......).#
.......@.#####.#
.........'.....#
.........#.#####
.........#.#
.........#.###
.............#
.............#
#########....#
#...)#


You could see an orc warrior.

Vanquished Creatures
  Grinder (D:4)
  A wyvern (D:7)
  Eustachio (D:4)
  A steam dragon (D:6)
  Menkaure (D:5)
  A centaur (D:7)
  A phantom (D:4)
  A bullfrog (D:7)
  3 hounds
  A jelly (D:5)
  A gnoll bouda (D:5)
  An orc priest (D:5)
  An orc wizard (D:7)
  A sleepcap (D:5)
  An iguana (D:4)
  10 gnolls
  4 adders
  2 ufetubi
  2 worms (D:2)
  4 dart slugs
  7 orcs
  7 ball pythons
  9 endoplasms
  3 giant cockroaches
  2 goblins
  6 hobgoblins
  4 jackals (D:1)
  7 quokkas
  4 bats
  5 frilled lizards
  13 kobolds
  5 rats
111 creatures vanquished.

Notes
Turn   | Place    | Note
-------+----------+-------------------------------------------
     0 | D:1      | qw the Minotaur Hexslinger began the quest for the Orb.
     0 | D:1      | Reached XP level 1. HP: 16/16 MP: 1/1
     0 | D:1      | 0 ||| qw: Version: 0.3-a-40-ge99b1a8
     0 | D:1      | 0 ||| qw: Game counter: 44
     0 | D:1      | 0 ||| qw: Melee chars always use a shield: true
     0 | D:1      | 0 ||| qw: God list: Okawaru
     0 | D:1      | 0 ||| qw: Allow faded altars: false
     0 | D:1      | 0 ||| qw: Do Orc after clearing Dungeon:15 true
     0 | D:1      | 0 ||| qw: Do second Lair branch before Depths: true
     0 | D:1      | 0 ||| qw: Lair rune preference: random
     0 | D:1      | 0 ||| qw: Goals: Normal
     0 | D:1      | 0 ||| PLANNING D:1-11
   278 | D:1      | Found a faded altar of an unknown god.
   284 | D:1      | 284 ||| UPGRADING to +0 ring mail.
   289 | D:1      | Reached skill level 3 in Ranged Weapons
   289 | D:1      | Reached XP level 2. HP: 22/23 MP: 2/2
   292 | D:1      | 292 ||| UPGRADING to +0 robe.
   297 | D:1      | 297 ||| UPGRADING to +0 ring mail.
   307 | D:1      | 307 ||| DROPPING +0 robe.
   308 | D:1      | 308 ||| UPGRADING to +0 cloak.
   313 | D:1      | 313 ||| UPGRADING to +2 cloak.
   323 | D:1      | 323 ||| DROPPING +0 cloak.
   605 | D:1      | Reached XP level 3. HP: 29/29 MP: 3/3
   737 | D:1      | 737 ||| UPGRADING to amulet of reflection.
   742 | D:1      | 742 ||| READING scroll labelled UPYS XORCHARPH.
   743 | D:1      | 743 ||| READING 2 scrolls labelled QYANIRPHE CISEO.
   744 | D:1      | 744 ||| READING scroll labelled GUYGO SUSASUC.
   745 | D:1      | 745 ||| READING scroll labelled UGEAHO XOUNIN.
   746 | D:1      | 746 ||| DRINKING 2 viscous emerald potions.
   747 | D:1      | 747 ||| DROPPING scroll of poison.
   748 | D:1      | 748 ||| DROPPING scroll of fog.
   901 | D:2      | Identified the +4 dagger "Eviscerator" {antimagic, rPois
                  | Int+3}
   911 | D:2      | Reached skill level 4 in Ranged Weapons
   932 | D:2      | Found Unar's Book Shoppe.
  1017 | D:2      | Reached skill level 1 in Armour
  1220 | D:2      | 1220 ||| UPGRADING to +0 pair of gloves.
  1225 | D:2      | 1225 ||| UPGRADING to +1 robe of resistance.
  1235 | D:2      | 1235 ||| READING scroll labelled UDEAC BIHYCO.
  1264 | D:3      | Identified the +2 hand axe of Malityeg {heavy, Contam rN++}
  1429 | D:3      | Reached XP level 4. HP: 36/36 MP: 4/4
  1735 | D:3      | 1735 ||| READING scroll of enchant armour.
  1735 | D:3      | 1735 ||| ENCHANTING +1 robe of resistance.
  2167 | D:3      | Found a burning altar of Makhleb.
  2210 | D:3      | Found a sacrificial altar of Ru.
  2211 | D:3      | 2211 ||| DROPPING +0 ring mail.
  2212 | D:3      | 2212 ||| DROPPING ring of flight.
  2213 | D:3      | 2213 ||| UPGRADING to +4 ring of protection.
  2214 | D:3      | 2214 ||| READING scroll labelled LYCERI TEIFE.
  2215 | D:3      | 2215 ||| READING scroll labelled LUUGHA UTIWAO.
  2216 | D:3      | 2216 ||| READING scroll labelled JIANGA ASYNAOH.
  2220 | D:3      | 2220 ||| READING 2 scrolls of identify.
  2220 | D:3      | 2220 ||| IDENTIFYING orange potion
  2274 | D:4      | 2274 ||| Stepping ~*~*~tactically~*~*~ (outnumbered).
  2277 | D:4      | Reached skill level 5 in Ranged Weapons
  2339 | D:4      | Reached XP level 5. HP: 44/44 MP: 5/5
  2365 | D:4      | Noticed a phantom
  2378 | D:4      | Killed a phantom
  2423 | D:4      | Found a glowing golden altar of the Shining One.
  2587 | D:4      | Found a runed translucent door.
  2587 | D:4      | Noticed Eustachio
  2608 | D:4      | Killed Eustachio
  2609 | D:4      | Reached skill level 6 in Ranged Weapons
  2609 | D:4      | Reached XP level 6. HP: 47/53 MP: 6/6
  2628 | D:4      | Noticed Crazy Yiuf
  2669 | D:4      | Noticed Grinder
  2669 | D:4      | Paralysed by Grinder for 2 turns
  2695 | D:4      | 2695 ||| FLEEEEING.
  2705 | D:4      | Killed Grinder
  2706 | D:4      | Reached skill level 7 in Ranged Weapons
  2706 | D:4      | Reached XP level 7. HP: 23/60 MP: 7/7
  3021 | D:4      | 3021 ||| READING 2 scrolls labelled NUEPROE TETI.
  3122 | D:4      | 3122 ||| READING scroll labelled DINYHE FOLUIF.
  3123 | D:4      | 3123 ||| DRINKING 2 smoky coppery potions.
  3124 | D:4      | 3124 ||| READING 3 scrolls of identify.
  3124 | D:4      | 3124 ||| IDENTIFYING smoky puce potion
  3125 | D:4      | 3125 ||| READING 2 scrolls of identify.
  3125 | D:4      | 3125 ||| IDENTIFYING brown potion
  3126 | D:4      | 3126 ||| DROPPING potion of brilliance.
  3127 | D:4      | 3127 ||| DROPPING scroll of silence.
  3148 | D:5      | Entered Level 5 of the Dungeon
  3210 | D:5      | Noticed Menkaure
  3220 | D:5      | Killed Menkaure
  3221 | D:5      | Reached skill level 8 in Ranged Weapons
  3251 | D:5      | 3251 ||| FLEEEEING.
  3252 | D:5      | 3252 ||| FLEEEEING.
  3253 | D:5      | 3253 ||| FLEEEEING.
  3254 | D:5      | 3254 ||| FLEEEEING.
  3258 | D:5      | 3258 ||| Stepping ~*~*~tactically~*~*~ (outnumbered).
  3261 | D:5      | 3261 ||| Stepping ~*~*~tactically~*~*~ (outnumbered).
  3282 | D:5      | Reached skill level 3 in Dodging
  3377 | D:5      | 3377 ||| FLEEEEING.
  3378 | D:5      | 3378 ||| FLEEEEING.
  3380 | D:5      | 3380 ||| FLEEEEING.
  3381 | D:5      | 3381 ||| FLEEEEING.
  3383 | D:5      | 3383 ||| FLEEEEING.
  3384 | D:5      | 3384 ||| FLEEEEING.
  3385 | D:5      | 3385 ||| FLEEEEING.
  3386 | D:5      | 3386 ||| FLEEEEING.
  3387 | D:5      | 3387 ||| FLEEEEING.
  3388 | D:5      | 3388 ||| STAIRDANCE
  3497 | D:5      | 3497 ||| FLEEEEING.
  3498 | D:5      | 3498 ||| FLEEEEING.
  3499 | D:5      | 3499 ||| FLEEEEING.
  3500 | D:5      | 3500 ||| FLEEEEING.
  3501 | D:5      | 3501 ||| FLEEEEING.
  3502 | D:5      | 3502 ||| FLEEEEING.
  3503 | D:5      | 3503 ||| FLEEEEING.
  3504 | D:5      | 3504 ||| FLEEEEING.
  3505 | D:5      | 3505 ||| FLEEEEING.
  3506 | D:5      | 3506 ||| FLEEEEING.
  3507 | D:5      | 3507 ||| FLEEEEING.
  3508 | D:5      | 3508 ||| FLEEEEING.
  3509 | D:5      | 3509 ||| FLEEEEING.
  3510 | D:5      | 3510 ||| FLEEEEING.
  3511 | D:5      | 3511 ||| FLEEEEING.
  3512 | D:5      | 3512 ||| FLEEEEING.
  3513 | D:5      | 3513 ||| FLEEEEING.
  3514 | D:5      | 3514 ||| FLEEEEING.
  3515 | D:5      | 3515 ||| STAIRDANCE
  3602 | D:5      | 3602 ||| STAIRDANCE
  3735 | D:5      | 3735 ||| STAIRDANCE
  3846 | D:5      | 3846 ||| STAIRDANCE
  4178 | D:5      | Found a staircase to the Ecumenical Temple.
  4179 | D:5      | 4179 ||| PLANNING TEMPLE
  4187 | Temple   | Entered the Ecumenical Temple
  4356 | Temple   | 4356 ||| PLANNING D:1-11
  4740 | D:6      | Noticed a steam dragon
  4752 | D:6      | Killed a steam dragon
  4753 | D:6      | Reached skill level 9 in Ranged Weapons
  4753 | D:6      | Reached XP level 8. HP: 67/68 MP: 8/8
  5375 | D:6      | Found a shadowy altar of Dithmenos.
  5533 | D:6      | 5533 ||| READING scroll labelled YGOR WOEKLEI.
  5534 | D:6      | 5534 ||| READING scroll labelled MON FAM PAP.
  5634 | D:7      | Found an opulent altar of Gozag.
  5680 | D:7      | Found a bloodstained altar of Trog.
  5811 | D:7      | Reached skill level 6 in Fighting
  5978 | D:7      | 5978 ||| SWAPPING to +0 shortbow of freezing.
  5979 | D:7      | 5979 ||| DROPPING +2 sling.
  5997 | D:7      | 5997 ||| Stepping ~*~*~tactically~*~*~ (outnumbered).
  6020 | D:7      | HP: 10/71 [orc warrior/+0 trident (14)]
  6021 | D:7      | 6021 ||| READING scroll of teleportation.
  6021 | D:7      | Slain by an orc warrior

Levels and vault maps discovered:
D:1:      tarquinn_simple_flora_water_f, layout_loops_cross,
          shapermc_ecumenical_altar_mp_ritualfount, minmay_misc_feat_square
D:2:      layout_rooms, serial_shops, shop
D:3:      minmay_general_purpose_star, layout_loops_corners,
          mainiacjoe_overflow_big_doors
D:4:      layout_rooms, nicolae_tso_carved_into_rock, uniq_crazy_yiuf_cottage,
          uniq_grinder, uniq_eustachio
D:5:      layout_loops_cross, minmay_temple_entry_antechambers, uniq_menkaure
D:6:      layout_loops_corners, grunt_dithmenos_smoke_and_mirrors,
          chequers_serial_rivers_small_a
D:7:      layout_basic, nicolae_overflow_hidden_temple,
          mainiacjoe_overflow_24_doors
Temple:   nicolae_temple_bog_church

Skill      XL: |  1  2  3  4  5  6  7  8 |
---------------+-------------------------+-----
Ranged Weapons | 3 4 5 6 7 9 |  9.6
Fighting       | 2 4 5 6 |  6.8
Armour         | 1 |  1.0
Dodging        | 3 |  3.0
Spellcasting   | |  1.0
Hexes          | |  2.0

Action                     |  1- 3 |  4- 6 |  7- 9 || total
---------------------------+-------+-------+-------++-------
   Fire: Sling             |   135 |   143 |   156 ||   434
         Shortbow          |       |       |    26 ||    26
    Use: Scroll            |     5 |     5 |     7 ||    17
         Potion            |     1 |       |     1 ||     2
 Armour: Robe              |     4 |    23 |    32 ||    59
         Ring mail         |    13 |       |       ||    13
  Dodge: Dodged            |    35 |    34 |    69 ||   138
  Block: Other             |     3 |    11 |    22 ||    36
         Reflection        |       |     1 |     2 ||     3

Table legend:
 A = Non-vault XP
 B = Vault XP
 C = Vault XP percentage of total XP
 D = Non-vault monster count
 E = Vault monster count
 F = Vault count percentage of total count
                 A         B        C        D         E       F
            +---------+---------+-------+---------+---------+-------
      Total |    1425 |     645 |  31.2 |     107 |       4 |   3.6
            +---------+---------+-------+---------+---------+-------
        D:1 |      46 |       0 |   0.0 |      26 |       0 |   0.0
        D:2 |      41 |       0 |   0.0 |      17 |       0 |   0.0
        D:3 |      55 |       3 |   5.2 |      20 |       1 |   4.8
        D:4 |     207 |     470 |  69.4 |      16 |       2 |  11.1
        D:5 |     304 |     172 |  36.1 |      13 |       1 |   7.1
        D:6 |     261 |       0 |   0.0 |       5 |       0 |   0.0
        D:7 |     511 |       0 |   0.0 |      10 |       0 |   0.0
            +---------+---------+-------+---------+---------+-------
